AoeStats
← Navi AoE

Oasis

510042588Analyzed
4v4 RM · 3d ago on Sep 29, 2026· 40m 31s· 8 players
Game mode
Random Map
Map size
Large (8 player)
Population
200
Speed
Normal
Resources
Standard
Victory
Conquest
Starting age
Dark Age
Ending age
Imperial Age
RankedLock teamsTeams togetherTeam positionsShared explorationLock speedFull tech treeHidden civsTurbo modeCheats
Victory
Defeat
🇦🇺 Mongols · Australia
1125
+15
🇨🇳 Poles · China
1124
+15
🇰🇷 Persians · South Korea
1120
+15
🇨🇳 Mongols · China
1113
+15
🇵🇪 Ethiopians · Peru
1112
-16
🇹🇷 Byzantines · Türkiye
1094
-15
🇹🇭 Goths · Thailand
1090
-15
🇹🇭 Spanish · Thailand
1083
-14
Finn The Human
7:32 Loom
10:03 Feudal Age
10:31 Double-Bit Axe
13:52 Fletching
14:29 Padded Archer Armor
Navi AoE
10:23 Loom
12:08 Feudal Age
16:36 Castle Age
19:39 Fletching
19:44 Crossbowman
20:21 Bodkin Arrow
23:21 Thumb Ring
24:14 Padded Archer Armor
27:11 Ballistics
27:05 Horse Collar
29:01 Leather Archer Armor
30:36 Double-Bit Axe
32:21 Heavy Plow
34:04 Wheelbarrow
37:07 Imperial Age
34:28 Town Watch
35:55 Hand Cart
36:27 Bow Saw
36:08 Gold Mining
37:18 Arbalester
40:11 Two-Man Saw
39:48 Gold Shaft Mining
40:20 Bracer
40:52 Ring Archer Armor
Zozimbo
0:53 Loom
11:22 Feudal Age
11:43 Horse Collar
11:49 Double-Bit Axe
12:42 Wheelbarrow
13:02 Gold Mining
18:46 Castle Age
19:10 Stone Mining
20:55 Bow Saw
22:03 Elite Skirmisher
28:17 Heavy Plow
29:05 Fletching
29:15 Padded Archer Armor
35:42 Imperial Age
33:28 Hand Cart
32:58 Town Watch
33:50 Caravan
34:22 Coinage
34:24 Town Patrol
34:28 Scale Mail Armor
34:38 Forging
34:23 Bodkin Arrow
34:29 Padded Archer Armor
35:13 Stone Shaft Mining
35:57 Anarchy
35:21 Pikeman
36:02 Squires
35:28 Man-at-Arms
36:31 Elite Huskarl
37:11 Perfusion
37:33 Conscription
37:37 Chain Mail Armor
37:57 Iron Casting
Cody
7:20 Loom
11:26 Feudal Age
15:01 Double-Bit Axe
19:24 Horse Collar
22:43 Castle Age
24:03 Wheelbarrow
23:53 Bow Saw
25:44 Gold Mining
25:56 Pikeman
26:36 Squires
27:51 Stone Mining
29:31 Heavy Plow
33:25 Stone Shaft Mining
36:12 Imperial Age
35:58 Bloodlines
35:52 Husbandry
36:36 Halberdier
38:08 Halberdier
Sophie_J
10:55 Feudal Age
15:05 Castle Age
14:02 Bloodlines
14:34 Double-Bit Axe
15:07 Loom
22:33 Wheelbarrow
22:50 Scale Barding Armor
23:21 Town Watch
24:55 Chain Barding Armor
24:28 Gold Mining
25:30 Forging
28:58 Hand Cart
32:01 Imperial Age
30:01 Stone Mining
31:36 Bow Saw
32:05 Gold Shaft Mining
31:12 Horse Collar
32:10 Stone Shaft Mining
32:11 Murder Holes
32:27 Masonry
32:19 Scale Mail Armor
32:54 Iron Casting
32:34 Guilds
32:02 Cavalier
32:43 Husbandry
33:17 Chain Mail Armor
33:37 Plate Barding Armor
35:03 Two-Man Saw
35:01 Heavy Plow
34:34 Savar
36:26 Blast Furnace
35:57 Plate Mail Armor
36:11 Plate Barding Armor
35:41 Capped Ram
36:16 Pikeman
36:56 Squires
36:42 Arson
37:28 Conscription
36:28 Elite War Elephant
36:41 Elite War Elephant
36:49 Light Cavalry
39:26 Hoardings
39:02 Citadels
40:25 Crop Rotation
40:28 Architecture
39:53 Siege Ram
JebusLorenzo
11:55 Feudal Age
13:05 Double-Bit Axe
15:56 Castle Age
13:50 Horse Collar
20:04 Heavy Plow
20:03 Gold Mining
20:04 Stone Mining
23:30 Bow Saw
26:46 Gold Shaft Mining
26:47 Stone Shaft Mining
30:02 Imperial Age
29:29 Wheelbarrow
30:21 Padded Archer Armor
30:11 Fletching
31:13 Ballistics
30:57 Town Watch
31:27 Hand Cart
32:32 Chemistry
30:54 Elite Mangudai
33:25 Leather Archer Armor
33:05 Bodkin Arrow
34:08 Town Patrol
35:22 Drill
35:05 Bracer
34:36 Onager
35:34 Siege Engineers
37:54 Siege Onager
ANTIINA
8:15 Feudal Age
10:14 Loom
10:20 Double-Bit Axe
14:10 Fletching
15:40 Padded Archer Armor
17:50 Wheelbarrow
21:25 Castle Age
19:21 Horse Collar
19:37 Gold Mining
22:17 Thumb Ring
22:10 Bodkin Arrow
21:46 Crossbowman
27:12 Bow Saw
27:03 Heavy Plow
28:01 Gold Shaft Mining
31:58 Hand Cart
33:44 Stone Mining
34:47 Stone Mining
39:15 Imperial Age
37:01 Bloodlines
36:52 Husbandry
37:40 Stone Shaft Mining
38:53 Bloodlines
38:44 Husbandry
39:03 Leather Archer Armor
39:11 Ballistics
40:17 Conscription
39:30 Elite Mangudai
40:38 Parthian Tactics
41:16 Chemistry
40:45 Bracer
三脚猫功夫
1:56 Loom
11:46 Feudal Age
17:31 Castle Age
15:43 Double-Bit Axe
16:23 Horse Collar
23:46 Wheelbarrow
28:41 Imperial Age
26:30 Treadmill Crane
26:54 Gold Mining
27:22 Bow Saw
27:31 Heavy Plow
27:42 Stone Mining
28:51 Fortified Wall
30:36 Chemistry
30:00 Szlachta Privileges
30:49 Crop Rotation
31:09 Bloodlines
31:01 Husbandry
31:25 Conscription
30:59 Cavalier
31:52 Scale Barding Armor
31:58 Forging
34:02 Chain Barding Armor
36:06 Iron Casting
37:25 Light Cavalry
40:35 Blast Furnace
Connection lost

Rejoining the realm…

Still unreachable

The connection could not be restored.

Session expired

The server has moved on; the page needs a fresh start.